Zazza, neutral female human Tourist ---------- |....<...| # ##%........-### -------.-- # --.-|----- |.........## ### ###### |..`.....| # #################### # |........| # ### ------- ------.--- # #################...\..| ########## # -----# #----- |.(...| --------.--- # ###.....# %|...| #%.....| ##...........| # # |...|##########%`..| ###|.....| # |..........| #% %%..%.# %|..%| : |.>....######## |..........| ---.-- ###|...| #.%%%.%%#####'@ ------- |..........| |....| # |....##########----- # ------------ |.....##### ----- # |....| ### |....| # |.....################## ------ Zazza the Excursionist Experience level: 8 Strength: 17 Dexterity: 16 Constitution: 17 Intelligence: 11 Wisdom: 9 Charisma: 18 Health: 0(67) Energy: 31(31) Def: 15 Gold: 0 Moves: 14438 Dungeon seed: 5ZcxFQJt4884Dc2P Game ID: Zazza_1619113548 Your Inventory: Weapons p - a blessed +6 orcish dagger named bim (weapon in hand) T - 9 +0 daggers Armor q - an uncursed +0 pair of gauntlets of dexterity (being worn) r - an uncursed +0 elven mithril-coat (being worn) v - an uncursed +1 pair of water walking boots (being worn) w - an uncursed +1 cloak of displacement (being worn) N - an uncursed +0 shield of reflection (being worn) Comestibles a - an uncursed lizard corpse R - an uncursed partly eaten food ration Z - an uncursed partly eaten food ration Scrolls b - an uncursed scroll of confuse monster c - an uncursed scroll of teleportation Rings M - an uncursed ring of stealth Wands e - a wand of striking (0:3) Q - a wand of locking (0:1) Tools j - an expensive camera (0:50) k - an uncursed skeleton key m - an uncursed mirror o - an uncursed stethoscope z - an uncursed bag of holding W - an uncursed tin whistle Contents of the bag of holding: 482 gold pieces 29 +2 darts an uncursed +0 Hawaiian shirt an uncursed +0 mummy wrapping an uncursed +0 orcish helm an uncursed -2 pair of levitation boots an uncursed +0 pair of water walking boots 4 uncursed eggs an uncursed egg 3 uncursed food rations 2 uncursed tripe rations a cursed scroll of confuse monster 2 uncursed scrolls of earth a cursed scroll of earth an uncursed scroll of enchant armor an uncursed scroll of punishment an uncursed scroll of stinking cloud an uncursed spellbook of charm monster an uncursed spellbook of force bolt an uncursed potion of gain level 2 uncursed potions of healing 2 uncursed potions of object detection an uncursed ring of conflict a cursed ring of polymorph a cursed ring of see invisible an uncursed ring of stealth a cursed ring of teleportation a wand of create monster (0:14) a wand of create monster (0:10) a wand of light (0:11) a wand of striking (0:6) a can of grease (0:2) a +0 pick-axe an uncursed agate stone an uncursed worthless piece of black glass an uncursed worthless piece of violet glass Spells and supernatural/magical abilities: Name Level Category Fail Memory W - pray for help -- divine ? -- Your skills at the end: Fighting Skills Weapon Skills dagger [Expert] dart [Basic] Spellcasting Skills Final Attributes: You were piously aligned. You were poison resistant. You were telepathic. You were displaced. You could teleport. You could walk on water. You were held by a rope golem. You were protected. You had reflection. You are dead. Vanquished creatures: 2 giant mimics a small mimic 3 trolls 2 leprechauns an iron piercer a black light a forest centaur a gnome king a yeti a gold golem a lizard a dingo a raven 3 apes a human zombie 3 bugbears 2 imps a quasit a wood nymph 2 rock piercers 2 rock moles 2 fog clouds 3 shriekers 4 gnome lords 3 gnomish wizards 2 kobold mummies a black naga hatchling a golden naga hatchling 2 guardian naga hatchlings a gray ooze a straw golem 4 giant ants 2 little dogs 2 floating eyes 8 dwarves a kobold lord 2 kobold shamans 2 hill orcs 3 rothes 3 rabid rats 2 centipedes 2 giant bats an orc zombie a dwarf zombie 3 wererats 2 werejackals 6 iguanas 10 killer bees 3 acid blobs 2 gas spores 2 hobbits 9 manes a large kobold 3 hobgoblins 13 giant rats 6 cave spiders a brown mold a yellow mold 4 green molds a red mold 22 gnomes 5 garter snakes 2 gnome zombies 5 geckos 23 jackals 5 foxes 6 kobolds 14 goblins 17 sewer rats 15 grid bugs 4 bats 16 lichens 2 kobold zombies 22 newts 310 creatures vanquished. Voluntary challenges: You used a wielded weapon 264 times, starting on turn 895. You read items or engraved 40 times, starting on turn 490. You never genocided any monsters. You never polymorphed an object. You never changed form. You used no wishes. You never split a pudding. You wrote Elbereth's name 12 times, starting on turn 2523. You violated your moral code, losing 70 points of alignment, starting on turn 7796. Dungeon overview: The Dungeons of Doom: levels 1 to 10 Level 1 an altar to The Lady, a sink a long staircase Level 2 a fountain Level 3 an armor shop Level 4 a general store, some fountains stairs to The Gnomish Mines Level 5 many fountains Level 6 stairs to Sokoban Level 7 a sink Level 8 a general store Level 9 Level 10 <- You were here a throne The Gnomish Mines: levels 5 to 8 Level 5 stairs to The Dungeons of Doom Level 6 Level 7 many shops, a temple to Offler, some fountains Level 8 Sokoban: levels 2 to 5 Level 2 Level 3 Level 4 Level 5 stairs to The Dungeons of Doom History has recorded: On T:1 you entered the Dungeons of Doom to retrieve the Amulet of Yendor! On T:508 you reached level 2 of The Dungeons of Doom. On T:1076 you reached level 3 of The Dungeons of Doom. On T:2510 you reached level 4 of The Dungeons of Doom. On T:2514 you reached level 5 of The Dungeons of Doom. On T:4141 you reached level 1 of The Gnomish Mines. On T:5442 you reached level 2 of The Gnomish Mines. On T:5688 you advanced to experience level 2. On T:5736 you reached level 3 of The Gnomish Mines. On T:6752 you advanced to experience level 3. On T:6812 you reached level 4 of The Gnomish Mines. On T:7009 you advanced to experience level 4. On T:7349 you reached level 6 of The Dungeons of Doom. On T:7386 you reached level 4 of Sokoban. On T:7798 you advanced to experience level 5. On T:8003 you reached level 3 of Sokoban. On T:9312 you advanced to experience level 6. On T:9326 you reached level 2 of Sokoban. On T:10168 you reached level 1 of Sokoban. On T:12168 you advanced to experience level 7. On T:12716 you reached level 7 of The Dungeons of Doom. On T:12921 you reached level 8 of The Dungeons of Doom. On T:13797 you reached level 9 of The Dungeons of Doom. On T:14200 you reached level 10 of The Dungeons of Doom. On T:14246 you advanced to experience level 8. Score breakdown: Gold: 0 ( 0 points) Experience: 8 levels (14739 points) Exploration: 10 levels ( 20.83%) (13127 points) Discoveries: 33 items ( 11.07%) ( 9983 points) Valuables value: (no points given unless you survive) Artifact value: 0 ( 0 points) Variety of kills: 74 monsters ( 19.42%) (13221 points) Turncount: 14438 turns (-2921 points) Survival: died (score multiplied by 80%) Total score: 38519 Latest messages: The forest centaur hits! The forest centaur kicks! You hit the forest centaur! The forest centaur just misses! The forest centaur misses. The forest centaur hits! The forest centaur kicks! You hit the forest centaur! The forest centaur hits! The forest centaur misses. You hit the forest centaur! The forest centaur zaps a wand of create monster! (2x) You kill the forest centaur! The rope golem hits! The rope golem misses. You hit the crocodile! (2x) The rope golem hits! (2x) The rope golem grabs you! The crocodile bites! The crocodile hits! You cannot escape from the rope golem! The rope golem misses. The rope golem hits! You die... Final status: Aloha Zazza the Tourist, killed by a rope golem... You died in The Dungeons of Doom on dungeon level 10 with 38519 points, and 482 pieces of gold, after 14438 moves. You were level 8 with a maximum of 67 hit points when you died.